 Dungeon Crawl Stone Soup version 0.20-a0-622-g01f5896 (webtiles) character file.

8351 Espgualade the Thaumaturge (level 11, 0/72 HPs)
             Began as an Octopode Ice Elementalist on Nov 23, 2016.
             Was an Elder of Vehumet.
             Slain by a spiny frog (21 damage)
             ... on level 1 of the Lair of Beasts on Feb 9, 2017.
             The game lasted 00:58:25 (13009 turns).

Espgualade the Thaumaturge (OpIE)                  Turns: 13009, Time: 00:58:26

Health: 0/72       AC:  3    Str:  9    XL:     11   Next: 29%
Magic:  23/23      EV: 18    Int: 24    God:    Vehumet [****..]
Gold:   401        SH:  0    Dex: 18    Spells: 1/26 levels left

rFire    + . .     SeeInvis +   p - +2 mace (venom)
rCold    . . .     Gourm    .   (no shield)
rNeg     . . .     Faith    .   (helmet restricted)
rPois    .         Spirit   .   (no amulet)
rElec    .         Reflect  .   q - +2 ring of protection
rCorr    .         Harm     .   w - +3 ring of dexterity
MR       +....                  i - ring of protection from fire
Stlth    ++++......             T - ring "Yreagas" {Int+4 SInv}
Regen    0.3/turn               R - ring of protection from magic
                                U - +3 ring of dexterity
                                (no ring)
                                (no ring)

@: lethally poisoned (0 -> -20)
A: almost no armour, stealthy swim, amphibious, 8 rings, constrict 8, camouflage
1, gelatinous body 1
a: Renounce Religion


You were on level 1 of the Lair of Beasts.
You worshipped Vehumet.
Vehumet was greatly pleased with you.
You were not hungry.

You visited 3 branches of the dungeon, and saw 13 of its levels.

You collected 705 gold pieces.
You spent 304 gold pieces at shops.

Inventory:

Hand Weapons
 p - a +2 mace of venom (weapon)
 t - a cursed -3 short sword
 x - a +0 dagger of holy wrath
 z - a +0 dagger of venom
 I - a +1 dagger of chaos
Jewellery
 i - a ring of protection from fire (on tentacle)
 q - a +2 ring of protection (left tentacle)
 w - a +3 ring of dexterity (right tentacle)
 R - a ring of protection from magic (on tentacle)
 T - the ring "Yreagas" (on tentacle) {Int+4 SInv}
   (You bought it in a shop on level 10 of the Dungeon)

   [ring of see invisible]

   It affects your intelligence (+4).
   It lets you see invisible.
 U - a +3 ring of dexterity (on tentacle)
Wands
 h - a wand of removedness (7/24)
 A - a wand of flame (29/48)
 E - a wand of paralysis (10/24)
 G - a wand of acid (8/15)
 H - a wand of polymorph (5/24)
 L - a wand of paralysis (12/24)
 P - a wand of polymorph (15/24)
 Q - a wand of flame (32/48)
Scrolls
 c - 7 scrolls of identify
 e - a scroll of random uselessness
 f - 4 scrolls of amnesia
 o - a scroll of enchant armour
 r - a scroll of noise
 y - a scroll of fog {unknown}
 C - 3 scrolls of magic mapping
 N - 3 scrolls of remove curse
Potions
 d - a potion of mutation
 g - 2 potions of resistance
 k - 4 potions of heal wounds
 l - a potion of mutation
 m - 4 potions of curing
 n - a potion of agility
 s - a potion of brilliance
 u - 2 potions of lignification
 F - 2 potions of flight {unknown}
 J - a potion of ambrosia
 K - a potion of cancellation {unknown}
 S - a potion of berserk rage {unknown}
Books
 a - a book of Frost

   Spells                             Type                      Level
   a - Freeze                         Ice                          1
   b - Throw Frost                    Conjuration/Ice              2
   c - Ozocubu's Armour               Charms/Ice                   3
   d - Throw Icicle                   Conjuration/Ice              4
   e - Summon Ice Beast               Ice/Summoning                4
 D - a book of Battle

   Spells                             Type                      Level
   a - Infusion                       Charms                       1
   b - Shroud of Golubria             Charms/Translocation         2
   c - Song of Slaying                Charms                       2
   d - Spectral Weapon                Hexes/Charms                 3
   e - Regeneration                   Charms/Necromancy            3
 M - a book of Power

   Spells                             Type                      Level
   a - Iskenderun's Battlesphere      Conjuration/Charms           5
   b - Venom Bolt                     Conjuration/Poison           5
   c - Bolt of Magma                  Conjuration/Fire/Earth       5
   d - Iron Shot                      Conjuration/Earth            6
   e - Orb of Destruction             Conjuration                  7
   f - Spellforged Servitor           Conjuration/Summoning        7
 O - a book of Maledictions

   Spells                             Type                      Level
   a - Corona                         Hexes                        1
   b - Ensorcelled Hibernation        Hexes/Ice                    2
   c - Confuse                        Hexes                        3
   d - Tukima's Dance                 Hexes                        3
   e - Dazzling Spray                 Conjuration/Hexes            3
Comestibles
 b - 2 bread rations
 j - 5 meat rations
 v - 2 royal jellies
 B - a royal jelly


   Skills:
 - Level 5.2 Fighting
 - Level 2.6 Maces & Flails
 - Level 7.2 Dodging
 - Level 5.6 Stealth
 - Level 8.0 Spellcasting
 - Level 7.6 Conjurations
 - Level 5.4 Charms
 - Level 4.4 Summonings
 - Level 5.0 Ice Magic
 + Level 0.0 Earth Magic


You had one spell level left.
You knew the following spells:

 Your Spells              Type           Power        Failure   Level  Hunger
a - Freeze                Ice            ####         1%          1    None
b - Throw Frost           Conj/Ice       #####.       1%          2    None
c - Ozocubu's Armour      Chrm/Ice       ####....     2%          3    None
d - Throw Icicle          Conj/Ice       #####...     1%          4    ##.....
e - Summon Ice Beast      Ice/Summ       ####....     12%         4    ##.....
f - Iskenderun's Battles  Conj/Chrm      #####...     4%          5    #####..
g - Iron Shot             Conj/Erth      ####......   77%         6    ######.


Dungeon Overview and Level Annotations

Branches:
Dungeon (11/15)            Temple (1/1) D:5            Lair (1/6) D:11
    Orc: D:9-12

Altars:
Ashenzari
Cheibriados
Dithmenos
Elyvilon
Fedhas
Gozag
Hepliaklqana
Kikubaaqudgha
Makhleb
Nemelex Xobeh
Okawaru
Qazlal
Ru
Sif Muna
Trog
Uskayaw
Vehumet
Xom
Yredelemnul
Zin
The Shining One

Shops:
D:10 =

Annotations:
D:8 Maurice


Innate Abilities, Weirdness & Mutations

You cannot wear most types of armour.
You are very stealthy in the water. (Stealth+)
You are amphibious.
You can wear up to eight rings at the same time.
You can use your tentacles to constrict eight enemies at once.
Your skin changes colour to match your surroundings (Stealth+).
Your rubbery body absorbs attacks. (AC +1, EV +1)


Message History

The spiny frog is moderately wounded.
You constrict the spiny frog.
The spiny frog completely misses you. x2
You hit the spiny frog.
The spiny frog is moderately wounded.
You constrict the spiny frog, but do no damage.
The spiny frog stings you!
You are poisoned.
The spiny frog poisons you!
You hit the spiny frog.
The spiny frog is heavily wounded.
You constrict the spiny frog.
You feel sick. The spiny frog stings you! The spiny frog stings you!!
You are more poisoned.
The spiny frog poisons you!
You hit the spiny frog but do no damage.
The spiny frog is severely wounded.
You constrict the spiny frog, but do no damage.
* * * LOW HITPOINT WARNING * * *
You feel sick. The spiny frog stings you!!
You die...

.# #......######
#....#####...........#
#.#..............#..##
#...###P.#.#...##...##
#...###....##..#.#...##
.........#.##.#..#..#.#
#.../.........#P.#.#.##
##.#.#...#.#.####...##
#...@...### #.#.#.#
#[#F###.# ##.#.####
#..P. #.# #.......##
##... .# #........#
#.#. ##.......## ....
#.......... ...##
##....<..## ...
Y..........#
Y...........#


You could see a spiny frog.

Vanquished Creatures
  An unseen horror (D:11)
  Psyche (D:8)
  3 two-headed ogres
  Prince Ribbit (D:8)
  A hippogriff (D:9)
  A wyvern (D:10)
  5 yaks (D:11)
  Duvessa (D:4)
  2 orc warriors
  A black bear (D:8)
  2 ice beasts
  2 sky beasts (D:8)
  2 centaurs
  4 ogres
  3 phantoms
  3 bullfrogs
  2 gnoll sergeants
  A water moccasin zombie (D:7)
  4 scorpions
  A wyvern skeleton (D:8)
  Dowan (D:4)
  9 killer bees (D:11)
  3 howler monkeys
  5 crimson imps
  3 centaur zombies
  2 orc priests
  4 hounds
  A bullfrog zombie (D:10)
  10 orc wizards
  A bullfrog skeleton (D:6)
  4 centaur skeletons
  Jessica (D:3)
  3 iguanas
  Natasha (D:3)
  7 worker ants
  Terence (D:3)
  2 killer bee zombies
  2 hound skeletons
  Robin (D:3)
  9 adders
  12 gnolls
  3 shadow imps
  An ooze (D:1)
  An adder zombie (D:6)
  An adder skeleton (D:5)
  4 worms (D:3)
  A dart slug (D:1)
  5 leopard geckos
  33 orcs
  7 giant cockroaches
  19 goblins
  15 hobgoblins
  23 jackals
  7 quokkas
  7 bats
  6 frilled lizards
  12 kobolds
  A leopard gecko skeleton (D:4)
  2 leopard gecko zombies
  8 rats
279 creatures vanquished.

Vanquished Creatures (collateral kills)
  A cyclops (D:11)
  3 yaks (D:11)
4 creatures vanquished.

Grand Total: 283 creatures vanquished

Notes
Turn   | Place    | Note
-------+----------+-------------------------------------------
     0 | D:1      | Espgualade the Octopode Ice Elementalist began the quest for the Orb.
     0 | D:1      | Reached XP level 1. HP: 11/11 MP: 3/3
    32 | D:1      | Reached skill level 1 in Fighting
    41 | D:1      | Reached XP level 2. HP: 14/18 MP: 0/5
    45 | D:1      | Learned a level 2 spell: Throw Frost
   553 | D:1      | Reached XP level 3. HP: 23/25 MP: 6/6
  1124 | D:1      | Learned a level 3 spell: Ozocubu's Armour
  1184 | D:2      | Reached XP level 4. HP: 27/31 MP: 7/7
  1808 | D:2      | Found a hazy altar of Hepliaklqana.
  1899 | D:2      | Found an opulent altar of Gozag.
  2571 | D:3      | Noticed Robin
  2634 | D:3      | Killed Robin
  2634 | D:3      | Reached XP level 5. HP: 28/38 MP: 1/8
  3034 | D:3      | Noticed Terence
  3222 | D:3      | Killed Terence
  3222 | D:3      | Reached skill level 5 in Fighting
  3544 | D:3      | Noticed Natasha
  3549 | D:3      | Killed Natasha
  3613 | D:3      | Noticed Jessica
  3618 | D:3      | Killed Jessica
  3618 | D:3      | Reached XP level 6. HP: 33/45 MP: 9/9
  3632 | D:3      | You fall through a shaft for 3 floors!
  3697 | D:6      | Noticed an orc warrior
  3754 | D:6      | Reached skill level 5 in Stealth
  3754 | D:6      | Reached XP level 7. HP: 50/50 MP: 1/10
  3765 | D:5      | Entered Level 5 of the Dungeon
  3826 | D:5      | Learned a level 4 spell: Throw Icicle
  3924 | D:5      | Reached skill level 5 in Dodging
  4087 | D:5      | Found a staircase to the Ecumenical Temple.
  4117 | D:5      | Reached XP level 8. HP: 13/55 MP: 5/11
  4199 | D:5      | Found a radiant altar of Vehumet.
  4205 | D:5      | Became a worshipper of Vehumet
  4384 | Temple   | Entered the Ecumenical Temple
  4782 | D:4      | Noticed Duvessa
  4848 | D:4      | Noticed Dowan
  5155 | D:4      | Found a radiant altar of Vehumet.
  5193 | D:4      | Killed Dowan
  5202 | D:4      | Killed Duvessa
  5467 | D:4      | Found a shattered altar of Ashenzari.
  5496 | D:4      | Reached skill level 3 in Spellcasting
  5555 | D:4      | Found a glowing silver altar of Zin.
  5555 | D:4      | Found a deep blue altar of Sif Muna.
  5562 | D:4      | Found a sparkling altar of Nemelex Xobeh.
  5563 | D:4      | Found a hide-covered altar of Uskayaw.
  5563 | D:4      | Found a bloodstained altar of Trog.
  5565 | D:4      | Found a shadowy altar of Dithmenos.
  6152 | D:3      | Reached * piety under Vehumet
  6152 | D:3      | Offered knowledge of Magic Dart by Vehumet.
  6769 | D:6      | Found a white marble altar of Elyvilon.
  6909 | D:6      | Reached XP level 9. HP: 41/61 MP: 5/14
  7215 | D:6      | Reached skill level 4 in Spellcasting
  7221 | D:6      | Learned a level 4 spell: Summon Ice Beast
  7633 | D:7      | Reached skill level 5 in Ice Magic
  8066 | D:8      | Offered knowledge of Searing Ray by Vehumet.
  8085 | D:8      | Reached ** piety under Vehumet
  8094 | D:8      | Reached skill level 5 in Conjurations
  8115 | D:8      | Noticed Maurice
  8131 | D:8      | Found an ancient bone altar of Kikubaaqudgha.
  8162 | D:8      | Reached skill level 5 in Spellcasting
  8239 | D:8      | Reached skill level 1 in Summonings
  8620 | D:8      | Noticed Prince Ribbit
  8636 | D:8      | Killed Prince Ribbit
  8667 | D:8      | Noticed Psyche
  8690 | D:8      | Reached skill level 6 in Spellcasting
  9001 | D:8      | Found a burning altar of Makhleb.
  9011 | D:8      | Noticed a two-headed ogre
  9017 | D:8      | Upgraded the game from 0.20-a0-186-g67c1175 to 0.20-a0-622-g01f5896
  9100 | D:8      | You fall through a shaft for 3 floors!
  9142 | D:10     | Entered Level 10 of the Dungeon
  9174 | D:9      | Reached skill level 1 in Maces & Flails
  9174 | D:9      | Reached XP level 10. HP: 16/66 MP: 17/19
  9379 | D:9      | Noticed a two-headed ogre
  9418 | D:9      | Offered knowledge of Dazzling Spray by Vehumet.
  9855 | D:8      | Killed Psyche
 10126 | D:8      | Killed a two-headed ogre
 10300 | D:9      | Killed a two-headed ogre
 10759 | D:10     | Reached *** piety under Vehumet
 10759 | D:10     | Reached skill level 5 in Charms
 10996 | D:10     | Found Kitytu's Jewellery Boutique.
 11000 | D:10     | Bought the ring "Yreagas" {Int+4 SInv} for 304 gold pieces
 11014 | D:10     | Noticed a two-headed ogre
 11037 | D:10     | Killed a two-headed ogre
 11418 | D:11     | Noticed a cyclops
 11518 | D:11     | Found a staircase to the Lair.
 11646 | D:11     | Reached skill level 7 in Spellcasting
 11817 | D:11     | Killed a cyclops
 11817 | D:11     | Reached XP level 11. HP: 68/72 MP: 11/21
 12081 | D:11     | Offered knowledge of Fulminant Prism by Vehumet.
 12088 | D:11     | Learned a level 5 spell: Iskenderun's Battlesphere
 12694 | D:11     | Reached **** piety under Vehumet
 12705 | D:11     | Noticed an unseen horror
 12732 | D:11     | Killed an unseen horror
 12732 | D:11     | Reached skill level 8 in Spellcasting
 12920 | D:11     | Noticed a cyan ugly thing
 12968 | Lair:1   | Entered Level 1 of the Lair of Beasts
 12996 | Lair:1   | Learned a level 6 spell: Iron Shot
 13009 | Lair:1   | Slain by a spiny frog

Vault maps used:
D:1:      dpeg_arrival_tiny_f
D:2:      marbit_many_paths, minmay_fountain_box, st_stairs_10,
          grunt_gozag_statues
D:3:      kennysheep_goblin_castle, uniq_natasha, uniq_jessica, uniq_terence
D:4:      kennysheep_little_box, cheibrodos_ashenzari_chains, minitemple,
          minmay_misc_feat_encased, hangedman_abyss_or_decor_slice, uniq_duvessa
D:5:      basic_altar, first_bread
D:6:      lemuel_doored_altar
D:8:      lemuel_round_altar, kennysheep_mini_moat, uniq_maurice,
          uniq_prince_ribbit1, uniq_psyche
D:10:     serial_shops, shop
D:11:     lair_entry_dummy
Temple:   nicolae_temple_figure_zero
Lair:1:   minmay_lair_oklob_chamber

Skill      XL: |  1  2  3  4  5  6  7  8  9 10 11 |
---------------+----------------------------------+-----
Fighting       | 1 2 3 4 5 |  5.2
Stealth        | 3 5 |  5.6
Dodging        | 3 6 7 |  7.2
Conjurations   | 3 5 6 7 |  7.6
Spellcasting   | 3 6 7 8 |  8.0
Ice Magic      | 4 5 |  5.0
Summonings     | 3 4 |  4.4
Maces & Flails | 1 2 |  2.6
Charms         | 5 |  5.4

Action                   |  1- 3 |  4- 6 |  7- 9 | 10-12 || total
-------------------------+-------+-------+-------+-------++-------
Melee: Unarmed           |    10 |       |       |       ||    10
       Constrict         |    13 |    47 |    65 |    40 ||   165
       Tentacles         |     4 |    23 |    73 |    46 ||   146
       Short sword       |    39 |   137 |   254 |       ||   430
       Mace              |       |    33 |    98 |   209 ||   340
 Cast: Freeze            |    17 |     8 |    24 |    25 ||    74
       Throw Frost       |       |     9 |    13 |     3 ||    25
       Ozocubu's Armour  |       |     2 |     9 |    13 ||    24
       Throw Icicle      |       |       |       |     9 ||     9
       Summon Ice Beast  |       |       |       |     8 ||     8
       Iskenderun's Batt |       |       |       |     2 ||     2
Evoke: Wand              |       |       |     4 |       ||     4
  Use: Scroll            |       |     6 |     9 |     9 ||    24
       Potion            |       |       |     2 |       ||     2
 Stab: Sleeping          |     6 |     9 |    16 |     7 ||    38
       Distracted        |       |       |     2 |     1 ||     3
  Eat: Chunk             |     1 |     5 |     3 |     9 ||    18
       Bread ration      |       |     1 |     2 |       ||     3
       Royal jelly       |       |       |     1 |     1 ||     2
       Meat ration       |       |       |     1 |     1 ||     2
Armor: Skin              |     3 |    15 |    57 |    50 ||   125
Dodge: Dodged            |    31 |   139 |   298 |   228 ||   696
